Map: Odyssee LE

Players

IDFMP - Winner!

  • Race: Terran Terran
  • Spawn Location: 11:00

Panda

  • Race: Zerg Zerg
  • League: Platinum
  • Spawn Location: 5:00

VOD

Have the link to the VOD?

Description

Time

  • Played on: Sept. 2, 2017, 2:58 p.m.
  • Length: 4:40
Show
View Real Time Build Order
Export as new Build Order

IDFMP Terran - Winner!

Build Orders:  

Get SALT Encoding   

  12  0:00  SCV  
  13  0:13  SCV  
  14  0:24  Supply Depot  
  14  0:25  SCV  
  15  0:37  Refinery  
  15  0:46  SCV  
  16  0:51  Barracks  
  16  0:58  SCV  
  17  1:10  Barracks, SCV  
  18  1:22  SCV  
  19  1:35  Barracks, SCV  
  20  1:41  Reaper  
  21  1:51  Bunker  
  21  1:57  Reaper  
  22  2:03  Supply Depot  
  22  2:04  Refinery  
  22  2:11  SCV  
  23  2:25  Reaper x2  
  25  2:39  SCV  
  25  2:40  Reaper  
  25  2:41  Supply Depot  
  27  2:51  SCV  
  27  2:57  Reaper  
  29  2:58  Reaper  
  29  3:03  SCV  
  30  3:12  Reaper  
  30  3:29  Reaper  
  30  3:30  Reaper  
  31  3:50  SCV  
  31  3:51  Reaper  
  33  3:57  Factory  
  33  4:03  SCV  
  35  4:17  Command Center  
Show
View Real Time Build Order
Export as new Build Order

Panda Zerg 

Build Orders: Pool Only 

Get SALT Encoding   

  12  0:01  Drone  
  13  0:10  Drone  
  14  0:21  Extractor  
  14  0:23  Drone  
  14  0:33  Spawning Pool  
  13  0:40  Drone  
  14  0:47  Overlord  
  14  0:57  Extractor  
  14  0:58  Drone  
  14  1:23  Roach Warren  
  13  1:27  Drone  
  13  1:29  Zergling x2  
  14  2:09  Roach x3  
  20  2:22  Drone  
  20  2:31  Roach  
  22  2:45  Overlord  
  22  3:10  Roach x2  
  26  3:17  Ravager  
  27  3:20  Roach  
  27  3:23  Ravager  
  30  3:30  Overlord  
  27  3:47  Roach x2  
  27  3:50  Ravager  
  28  4:15  Roach x2  
  29  4:18  Roach  
Tags
 
League
Platinum
Matchup
TvZ
Opening
Pool Only
Replay Pack
replays1
Spawn Locations
Cross Positions
Add a new tag
Caveats
  • Supply blocks, unpowered buildings, or Contaminate may cause inaccurate times.
  • Supply counts are checked every 10 seconds.